 Dungeon Crawl Stone Soup version 0.16-a0-3641-g71d4c1b (webtiles) character file.

819 joshua the Shield-Bearer (level 8, 0/62 HPs)
             Began as a Formicid Fighter on Apr 22, 2015.
             Slain by an orc warrior
             ... wielding a +0 glaive
              (22 damage)
             ... on level 6 of the Dungeon on Apr 23, 2015.
             The game lasted 00:36:58 (5561 turns).

joshua the Shield-Bearer (Formicid Fighter)         Turns: 5561, Time: 00:36:58

Health: 0/62       AC: 16    Str: 22    XL:     8   Next: 16%
Magic:  13/14      EV:  6    Int:  8    God:
Gold:   249        SH: 10    Dex: 11    Spells: 1 memorised, 8 levels left

rFire  . . .     SeeInvis +     d - +2 scythe (flame)
rCold  . . .     Clarity  .     q - +1 plate armour
rNeg   . . .     SustAb   .     c - +0 shield
rPois  .         Gourm    .     (helmet unavailable)
rElec  .         Spirit   .     (no cloak)
rCorr  .         Warding  .     D - +0 pair of gloves
rMut   .         Stasis   +     f - +0 pair of boots
MR     .....                    (no amulet)
Stlth  ..........               (no ring)
                                L - ring of see invisible

@: very slightly contaminated, not resistant to hostile enchantments, extremely
unstealthy
A: permanent stasis, dig shafts and tunnels, four strong arms, antennae 3,
forlorn
a: Dig, Shaft Self


You were on level 6 of the Dungeon.
You were hungry.

You visited 1 branch of the dungeon, and saw 6 of its levels.

You collected 249 gold pieces.

Inventory:

Hand weapons
 a - a +0 trident
 d - a +2 scythe of flaming (weapon)
 B - a +0 shortbow
 E - a +0 hunting sling
 M - a +1 hammer of protection
 O - a +4 quarterstaff of chaos
 Q - a +3 hammer
 R - a -1 trident
 U - a +0 halberd
 V - a +0 trident
 Z - a +0 blowgun
Missiles
 y - 27 stones (quivered)
 C - 7 arrows
 W - 4 tomahawks
Armour
 b - a +0 scale mail
 c - a +0 shield (worn)
 f - a +0 pair of boots (worn)
 q - a +1 plate armour (worn)
 v - a +0 helmet
 D - a +0 pair of gloves (worn)
 F - a +0 scale mail
 G - a +1 leather armour of cold resistance
 J - a +2 robe of fire resistance
 P - a +0 cloak of poison resistance
 X - a +3 scale mail
Jewellery
 L - a ring of see invisible (left hand)
Scrolls
 i - a scroll of blinking {unknown}
 k - a scroll of noise {unknown}
 l - 3 scrolls of amnesia
 m - a scroll of magic mapping {unknown}
 o - 2 scrolls of teleportation
 p - 2 scrolls of remove curse
 s - 2 scrolls of fog
Potions
 e - 3 potions of might
 r - 4 potions of flight
 z - 2 potions of agility
 H - a potion of heal wounds
 N - a potion of brilliance {unknown}
 T - a potion of curing {unknown}
 Y - a potion of poison {unknown}
Books
 A - a book of Air

   Spells                             Type                      Level
   a - Shock                          Conjuration/Air              1
   b - Swiftness                      Charms/Air                   2
   c - Repel Missiles                 Charms/Air                   2
   d - Flight                         Charms/Air                   3
   e - Static Discharge               Conjuration/Air              3
   f - Lightning Bolt                 Conjuration/Air              5
Comestibles
 n - 7 meat rations
 t - 2 bread rations
 K - 2 fruits


   Skills:
 + Level 5.3 Fighting
 + Level 3.8 Polearms
 + Level 5.5 Armour
 + Level 1.5 Dodging
 + Level 0.6 Stealth
 + Level 6.3 Shields
 + Level 1.2 Spellcasting
 + Level 0.8 Conjurations
 + Level 1.0 Air Magic


You had 8 spell levels left.
You knew the following spells:

 Your Spells              Type           Power        Failure   Level  Hunger
a - Shock                 Conj/Air       #...         100%        1    ##.....


Dungeon Overview and Level Annotations

Branches:
Dungeon (6/15)             Temple (0/1) D:4

Altars:

Annotations:
D:4 Menkaure


Innate Abilities, Weirdness & Mutations

You are under a permanent stasis effect.
You can dig through walls and to a lower floor.
Your four strong arms can wield two-handed weapons with a shield.
You have a pair of large antennae on your head (SInv).
You have difficulty communicating with the divine.


Message History

The orc warrior hits you but does no damage.
Your plate armour prevents you from hitting the orc warrior.
The orc warrior is moderately wounded.
The orc warrior barely misses you.
You hit the orc warrior but do no damage.
The orc warrior is moderately wounded.
The orc warrior hits you with a glaive!!
You slash the orc warrior! You burn the orc warrior.
The orc warrior is almost dead.
The orc warrior hits you with a glaive.
You closely miss the orc warrior.
The orc warrior is almost dead.
You block the orc warrior's attack. The orc warrior barely misses you.
You closely miss the orc warrior.
The orc warrior is almost dead.
You block the orc warrior's attack.
You closely miss the orc warrior.
The orc warrior is almost dead.
The orc warrior hits you with a glaive!!
You die...

#... ..# #.# ##
#.#### #####[
#....#### ##.....
#.#.....###......
#.#####..........
##.# #####......
#@## ##..... #o#
##.... {oo# ##...
..## ###. ... ##
.... ..(.. ...#


You could see an orc warrior, an orc wizard (invisible) and an orc.

Vanquished Creatures
  A centaur (D:3)
  A phantom (D:3)
  Sigmund (D:4)
  A giant frog (D:3)
  3 scorpions
  Crazy Yiuf (D:4)
  An iguana (D:3)
  A worker ant (D:6)
  8 gnolls
  9 adders
  2 worms
  4 giant geckos
  2 oozes
  11 orcs
  A bat skeleton (D:4)
  17 goblins
  12 hobgoblins
  15 jackals
  5 quokkas
  6 bats
  4 giant newts
  17 kobolds
  5 rats
  A plant (D:5)
129 creatures vanquished.

Notes
Turn   | Place    | Note
--------------------------------------------------------------
     0 | D:1      | joshua, the Formicid Fighter, began the quest for the Orb.
     0 | D:1      | Reached XP level 1. HP: 18/18 MP: 1/1
   191 | D:1      | Reached XP level 2. HP: 18/24 MP: 3/3
   352 | D:1      | Reached XP level 3. HP: 12/29 MP: 4/4
   448 | D:1      | Reached skill level 4 in Shields
   784 | D:2      | Reached XP level 4. HP: 9/37 MP: 5/5
  1112 | D:2      | Reached skill level 1 in Dodging
  1747 | D:3      | Reached XP level 5. HP: 37/42 MP: 7/7
  1750 | D:3      | Learned a level 1 spell: Shock
  1937 | D:3      | Noticed a phantom
  2322 | D:3      | Noticed a centaur
  2345 | D:3      | Killed a centaur
  2345 | D:3      | Reached XP level 6. HP: 19/49 MP: 8/8
  2380 | D:3      | Reached skill level 5 in Shields
  3202 | D:3      | Killed a phantom
  3202 | D:3      | Reached XP level 7. HP: 20/55 MP: 9/9
  3480 | D:4      | Noticed Sigmund
  3564 | D:4      | Killed Sigmund
  3564 | D:4      | Reached skill level 5 in Fighting
  3564 | D:4      | Reached skill level 5 in Armour
  3922 | D:4      | Noticed Crazy Yiuf
  3934 | D:4      | Killed Crazy Yiuf
  4060 | D:4      | Found a staircase to the Ecumenical Temple.
  4069 | D:4      | Noticed Menkaure
  4093 | D:5      | Entered Level 5 of the Dungeon
  4227 | D:5      | Reached skill level 6 in Shields
  4854 | D:5      | Reached XP level 8. HP: 62/62 MP: 8/12
  4885 | D:5      | Reached skill level 1 in Spellcasting
  5330 | D:5      | Gained mutation: You have difficulty communicating with the divine. [potion of mutation]
  5477 | D:6      | Reached skill level 1 in Air Magic
  5561 | D:6      | Slain by an orc warrior

Action                   |  1- 3 |  4- 6 |  7- 9 || total
-------------------------+-------+-------+-------++-------
Melee: Trident           |   116 |   265 |    45 ||   426
       Scythe            |       |       |   163 ||   163
Throw: Stone             |       |     3 |     6 ||     9
  Use: Scroll            |       |     2 |    11 ||    13
       Potion            |       |     1 |     1 ||     2
 Stab: Distracted        |       |     1 |       ||     1
  Eat: Bread ration      |       |     2 |     1 ||     3
       Beef jerky        |       |       |     3 ||     3
